Map: Esprits curieux EC

Players

DarkBanana - Winner!

  • Race: Terran Terran
  • League: Platinum

VOD

Have the link to the VOD?

Description

Time

  • Played on: March 11, 2022, 8:52 p.m.
  • Length: 64:51
Show
View Real Time Build Order
Export as new Build Order

DarkBanana Terran - Winner!

Build Orders:  

Get SALT Encoding   

  12  0:00  SCV  
  13  0:17  SCV  
  14  0:24  Supply Depot  
  14  0:34  SCV  
  14  0:38  Refinery  
  15  0:54  SCV  
  16  1:02  Barracks  
  16  1:11  SCV  
  17  1:28  SCV  
  17  1:29  Refinery  
  18  1:44  SCV  
  19  2:07  Orbital Command  
  19  2:11  Factory  
  19  2:19  Barracks Reactor  
  19  2:33  Supply Depot  
  19  2:43  SCV  
  19  3:00  SCV  
  21  3:10  Supply Depot  
  21  3:15  Factory  
  21  3:16  SCV  
  24  3:21  Reaper x2  
  24  3:24  Hellion  
  26  3:33  SCV  
  27  3:49  Supply Depot  
  27  3:50  SCV  
  27  3:57  Hellion  
  30  4:06  Reaper x2  
  32  4:10  SCV  
  32  4:17  Factory Tech Lab  
  33  4:27  Hellion  
  35  4:47  Cyclone  
  40  4:51  Reaper x2  
  40  4:56  SCV  
  41  5:12  Command Center  
  41  5:18  Unknown  
  41  5:21  Unknown  
  41  5:32  Cyclone  
  41  5:37  Unknown  
  42  5:41  Unknown  
  42  5:45  Unknown  
  42  5:50  SCV  
  43  6:04  Factory  
  43  6:07  SCV  
  44  6:23  Supply Depot  
  44  6:24  SCV  
  44  6:28  Barracks Tech Lab  
  45  6:38  Supply Depot  
  45  6:41  SCV  
  46  6:55  Supply Depot, Unknown  
  46  6:58  SCV  
  45  7:00  Unknown  
  45  7:06  Unknown  
  44  7:11  Supply Depot  
  44  7:15  SCV  
  44  7:16  Unknown  
  44  7:17  Cyclone  
  44  7:18  Hellion x2  
  52  7:24  Orbital Command  
  49  7:42  SCV  
  49  7:48  Hellion  
  52  7:52  Supply Depot  
  52  7:59  SCV  
  53  8:02  Cyclone  
  53  8:05  Armory  
  56  8:16  Cyclone, SCV  
  55  8:30  Hellion x2  
  55  8:32  SCV  
  55  8:36  Refinery  
  55  8:39  Refinery  
  60  8:40  Supply Depot  
  60  8:46  Unknown  
  60  8:47  Supply Depot  
  60  8:58  SCV x2  
  62  9:06  Engineering Bay  
  62  9:08  Cyclone  
  65  9:15  SCV x2  
  67  9:26  Terran Vehicle And Ship Armor Level 1  
  67  9:32  SCV x2  
  67  9:36  Infernal Pre-Igniter  
  69  9:49  SCV x2  
  69  9:50  Cyclone  
  69  9:51  Hellion x2  
  69  9:53  Cyclone  
  74  10:06  SCV  
  75  10:21  Hellion  
  75  10:23  Hellion  
  79  10:32  Command Center  
  79  10:35  Cyclone  
  79  10:38  Cyclone  
  85  10:51  Hellion  
  85  11:14  SCV x2  
  87  11:20  Cyclone  
  90  11:31  SCV x2  
  90  11:38  Hi-Sec Auto Tracking  
  92  11:46  Hellion x2, Cyclone  
  99  11:51  Supply Depot  
  99  11:55  Supply Depot  
  99  12:05  Cyclone  
  99  12:09  Terran Vehicle And Ship Armor Level 2  
  102  12:10  Factory  
  102  12:13  Factory  
  102  12:24  Drilling Claws  
  102  12:25  Widow Mine x2  
  102  12:31  Missile Turret, Cyclone  
  102  12:34  Missile Turret  
  109  12:45  Orbital Command  
  109  12:47  SCV x2  
  111  12:51  Orbital Command  
  111  12:54  Widow Mine  
  111  12:55  Widow Mine  
  113  13:14  Command Center  
  113  13:27  SCV  
  113  13:28  SCV x2  
  116  13:32  Factory Tech Lab  
  116  13:44  SCV, Factory Tech Lab  
  116  13:45  SCV x2  
  119  13:54  Refinery  
  119  13:57  Refinery  
  119  14:01  SCV  
  119  14:06  SCV x2  
  119  14:09  Barracks Tech Lab  
  122  14:12  Unknown  
  122  14:15  Widow Mine x2  
  122  14:18  SCV  
  123  14:23  SCV x2  
  123  14:26  Cyclone x2  
  123  14:27  Cyclone x2  
  139  14:42  SCV x3  
  139  14:43  Missile Turret  
  140  14:52  Supply Depot  
  140  14:58  Supply Depot  
  140  14:59  SCV x3  
  143  15:01  Planetary Fortress  
  143  15:16  SCV x3  
  146  15:23  Structure Armor  
  146  15:30  Supply Depot  
  146  15:32  Terran Vehicle And Ship Armor Level 3  
  146  15:38  Widow Mine x2  
  150  15:55  Command Center  
  150  16:09  Cyclone x4  
  160  16:22  Refinery  
  160  16:25  Barracks Tech Lab  
  160  16:26  Refinery  
  160  16:28  Starport  
  160  16:49  Command Center  
  160  16:54  Factory, Cyclone x2  
  160  16:56  SCV x3  
  160  16:57  Factory  
  163  17:25  SCV x4  
  164  17:42  SCV x4  
  164  17:45  Planetary Fortress  
  168  17:55  Cloaking Field  
  165  18:03  Missile Turret, Factory Tech Lab x2  
  165  18:08  Cyclone x4  
  177  18:14  Fusion Core  
  177  18:25  SCV x2  
  179  18:32  Barracks Reactor  
  179  18:33  Orbital Command  
  179  18:41  Command Center  
  179  18:44  Widow Mine x2  
  179  18:52  Cyclone x2  
  179  18:53  Cyclone x4  
  179  18:56  Command Center  
  198  19:13  Widow Mine  
  198  19:22  Terran Vehicle Weapons Level 1  
  198  19:29  Starport  
  200  19:34  Terran Infantry Weapons Level 1  
  200  19:55  Refinery  
  200  19:57  Refinery  
  197  20:39  Orbital Command  
  197  20:44  Command Center  
  197  20:49  Weapon Refit  
  197  20:52  Command Center  
  197  20:56  Orbital Command  
  195  21:17  Command Center  
  195  22:08  Command Center  
  195  22:09  Command Center  
  195  22:12  Command Center x2  
  195  22:14  Terran Infantry Armor Level 1  
  195  22:15  Command Center  
  195  22:17  Command Center  
  195  22:24  Command Center  
  195  22:32  Orbital Command  
  195  22:33  Orbital Command  
  195  22:34  Corvid Reactor  
  195  22:35  Unknown  
  195  23:00  Planetary Fortress  
  195  23:11  Terran Vehicle Weapons Level 2  
  183  23:38  Unknown  
  156  23:40  Battlecruiser x2  
  159  24:01  Starport  
  159  24:03  Starport  
  159  24:06  Starport  
  159  24:07  Sensor Tower  
  159  24:09  Starport  
  159  24:21  Planetary Fortress  
  159  24:24  Orbital Command x3  
  159  24:25  Orbital Command x2  
  159  24:54  Terran Infantry Weapons Level 2  
  159  24:58  Unknown  
  159  25:01  Starport Tech Lab x4  
  159  25:10  Battlecruiser x2  
  171  25:31  Battlecruiser  
  171  25:32  Battlecruiser x3  
  171  25:39  Command Center  
  195  25:57  Refinery, Command Center  
  195  26:00  Refinery  
  195  26:27  Command Center  
  195  26:44  Command Center  
  195  26:47  Command Center  
  195  26:48  Hellion x3  
  195  27:02  Command Center  
  195  27:03  Command Center  
  195  27:05  Command Center  
  195  27:09  Command Center  
  195  27:23  Missile Turret  
  195  27:51  Missile Turret, Terran Vehicle Weapons Level 3  
  195  28:18  Planetary Fortress  
  195  28:19  Orbital Command  
  195  28:20  Missile Turret  
  195  28:38  Command Center  
  195  28:44  Planetary Fortress, Command Center  
  195  28:48  Missile Turret  
  195  28:52  Planetary Fortress x2  
  195  28:55  Planetary Fortress  
  195  28:56  Planetary Fortress  
  195  28:57  Planetary Fortress  
  195  29:05  Missile Turret  
  195  29:07  Command Center  
  195  29:09  Command Center  
  195  29:18  Missile Turret  
  195  29:34  Missile Turret, Sensor Tower  
  195  29:35  Sensor Tower  
  195  29:41  Planetary Fortress  
  195  29:42  Sensor Tower  
  195  29:45  Missile Turret, Sensor Tower  
  195  29:48  Sensor Tower  
  195  29:55  Planetary Fortress  
  195  30:10  Terran Infantry Armor Level 2  
  195  30:14  Missile Turret  
  195  30:24  Planetary Fortress  
  195  30:26  Planetary Fortress  
  195  30:31  Refinery  
  195  30:35  Refinery  
  195  30:50  Missile Turret  
  195  30:58  Command Center  
  195  30:59  Command Center  
  195  31:06  Command Center  
  195  31:08  Command Center  
  195  31:11  Command Center  
  195  31:14  Command Center  
  195  31:20  Missile Turret  
  195  31:31  Terran Ship Weapons Level 1  
  195  31:37  Planetary Fortress x2  
  195  31:52  Missile Turret  
  195  32:04  Sensor Tower  
  195  32:24  Missile Turret  
  195  32:46  Missile Turret x2  
  195  32:48  Command Center  
  195  32:49  Missile Turret  
  195  32:51  Missile Turret, Command Center  
  195  32:52  Missile Turret  
  195  32:57  Orbital Command x2  
  195  32:58  Command Center, Orbital Command x4  
  195  33:04  Command Center  
  195  33:07  Command Center  
  195  33:10  Command Center  
  195  33:16  Missile Turret x2  
  195  33:20  Missile Turret x2, Terran Infantry Weapons Level 3  
  195  33:45  Missile Turret  
  195  33:48  Missile Turret  
  195  33:51  Missile Turret  
  195  33:52  Missile Turret  
  195  34:08  Command Center  
  195  34:16  Missile Turret  
  195  34:20  Missile Turret  
  195  34:22  Missile Turret x2  
  195  34:32  Refinery  
  195  34:33  Refinery  
  195  34:45  Missile Turret  
  195  34:50  Missile Turret  
  195  34:51  Missile Turret  
  195  34:53  Planetary Fortress  
  195  34:54  Planetary Fortress  
  195  34:55  Orbital Command x3  
  195  34:58  Orbital Command  
  195  35:26  Missile Turret  
  195  35:32  Missile Turret  
  195  35:53  Command Center  
  195  36:08  Missile Turret  
  195  36:14  Missile Turret  
  195  36:54  Command Center  
  195  37:00  Command Center  
  195  37:05  Command Center  
  195  37:14  Orbital Command  
  195  37:17  Command Center x2  
  195  37:20  Command Center  
  195  37:39  Barracks  
  195  37:41  Barracks  
  195  37:42  Barracks  
  195  37:43  Barracks  
  195  37:45  Barracks  
  195  38:47  Starport  
  195  38:53  Starport  
  195  38:55  Command Center  
  195  38:56  Command Center  
  195  38:57  Factory, Barracks  
  195  39:00  Starport x2  
  195  39:01  Factory  
  195  39:02  Command Center  
  195  39:05  Missile Turret  
  195  39:06  Missile Turret, Starport  
  195  39:08  Barracks  
  195  39:09  Starport  
  195  39:10  Command Center x2  
  195  39:12  Orbital Command  
  195  39:13  Orbital Command x3  
  195  39:15  Command Center  
  195  39:17  Barracks  
  195  39:20  Orbital Command  
  195  39:34  Missile Turret  
  195  39:36  Missile Turret  
  195  39:42  Missile Turret  
  195  39:56  Missile Turret  
  195  39:59  Starport Reactor  
  195  40:00  Starport Reactor, Starport Tech Lab x2  
  195  40:01  Starport Tech Lab x2  
  195  40:04  Refinery  
  195  40:06  Refinery  
  195  40:08  Factory Tech Lab  
  195  40:09  Factory Tech Lab  
  189  40:34  Barracks  
  189  40:36  Barracks  
  187  40:43  Factory  
  187  40:44  Factory  
  187  40:58  Orbital Command x2  
  187  41:07  Terran Infantry Armor Level 3  
  187  41:10  Barracks Tech Lab  
  187  41:13  Barracks Tech Lab x2  
  187  41:14  Barracks Tech Lab x3, Stimpack  
  184  41:37  Barracks Tech Lab  
  184  41:44  Unknown, Concussive Shells  
  184  41:49  Orbital Command  
  184  41:57  Factory Tech Lab  
  184  42:01  Planetary Fortress  
  184  42:04  Orbital Command x2  
  184  42:05  Orbital Command x2  
  184  42:12  Barracks Tech Lab  
  184  42:43  Barracks  
  184  42:48  Barracks  
  184  42:49  Barracks Tech Lab  
  184  42:50  Barracks Tech Lab, Factory Tech Lab  
  184  43:05  Ghost Academy  
  184  43:07  Ghost Academy  
  175  44:07  Personal Cloaking  
  175  44:12  Barracks Tech Lab  
  175  44:13  Barracks Tech Lab  
  192  44:31  Siege Tank x2  
  198  44:42  Ghost Academy  
  198  44:43  Ghost Academy  
  198  45:00  Unknown  
  198  45:01  Unknown x4  
  198  45:02  Unknown x2  
  198  45:06  Unknown x2  
  198  45:57  Unknown  
  196  47:10  Terran Ship Weapons Level 2  
  196  47:16  Armory  
  196  47:24  Fusion Core  
  196  47:30  Hellbat  
  198  48:01  Ghost Academy x2  
  198  48:03  Ghost Academy  
  198  48:06  Unknown x2  
  198  48:07  Unknown x2  
  198  48:08  Ghost Academy  
  198  48:25  Missile Turret  
  198  48:31  Missile Turret  
  194  49:03  Missile Turret  
  194  49:06  Missile Turret  
  194  49:11  Missile Turret  
  190  50:36  Battlecruiser  
  194  51:09  Starport x2  
  192  51:15  Starport  
  192  51:17  Starport  
  190  51:36  Hellion  
  156  51:58  Battlecruiser x5  
  156  51:59  Battlecruiser x3  
  196  52:25  Terran Ship Weapons Level 3  
  190  52:36  Ghost Academy  
  190  52:38  Ghost Academy  
  190  52:39  Ghost Academy  
  174  53:09  Battlecruiser  
  178  53:10  Battlecruiser  
  178  53:17  Ghost Academy  
  178  53:19  Ghost Academy x2  
  184  53:24  Ghost Academy  
  184  53:26  Unknown x2  
  184  53:27  Battlecruiser, Unknown x2  
  184  53:28  Battlecruiser  
  196  53:49  Ghost Academy  
  196  53:53  Siege Tank  
  199  54:00  Ghost Academy  
  199  54:02  Unknown x2  
  199  54:03  Unknown  
  193  54:52  Siege Tank  
  196  55:27  Unknown x3  
  195  55:36  Unknown  
  195  57:45  Starport Tech Lab x2  
  195  58:03  Siege Tank  
  180  59:26  Unknown  
  180  59:27  Unknown x8  
  200  59:56  Unknown  
  200  60:05  Sensor Tower  
  200  60:21  Unknown x2  
  200  60:22  Unknown x4  
  200  60:23  Sensor Tower, Unknown x4  
  200  60:31  Unknown  
  192  62:26  Unknown x5  
  192  62:27  Unknown x3  
  192  62:28  Unknown  
  192  63:01  Unknown  
  192  63:02  Unknown  
Tags
 
Add a new tag
Caveats
  • Supply blocks, unpowered buildings, or Contaminate may cause inaccurate times.
  • Supply counts are checked every 10 seconds.